 Dungeon Crawl Stone Soup version 0.19-a0-700-gd2fa977 (webtiles) character file.

10470 Kenran the Destroyer (level 11, -21/94 HPs)
             Began as a Pale Draconian Conjurer on June 19, 2016.
             Was an Elder of Vehumet.
             Demolished by a stone giant (36 damage)
             ... on level 10 of the Dungeon.
             The game lasted 00:54:27 (16217 turns).

Kenran the Destroyer (Pale Draconian Conjurer)     Turns: 16217, Time: 00:54:28

Health: -21/94     AC: 12    Str: 10    XL:     11   Next: 36%
Magic:  10/23      EV: 16    Int: 18    God:    Vehumet [****..]
Gold:   558        SH:  0    Dex: 13    Spells: 4 memorised, 14 levels left

rFire  . . .     SeeInvis .     B - staff of conjuration {!a}
rCold  . . .     Gourm    .     (armour unavailable)
rNeg   . . .     Faith    .     (no shield)
rPois  .         Spirit   .     (helmet restricted)
rElec  .         Dismiss  .     G - +0 cloak
rCorr  +         Reflect  .     u - +0 pair of gloves
SustAt .         Harm     .     k - +2 pair of boots
MR     .....                    (no amulet)
Stlth  ++........               (no ring)
                                H - ring of resist corrosion

@: not resistant to hostile enchantments, unstealthy
A: breathe steam, unfitting armour, cold-blooded, AC +7
a: Breathe Steam, Renounce Religion


You were on level 10 of the Dungeon.
You worshipped Vehumet.
Vehumet was greatly pleased with you.
You were very hungry.

You visited 2 branches of the dungeon, and saw 12 of its levels.

You collected 558 gold pieces.

Inventory:

Hand Weapons
 a - a +2 short sword of venom
 D - a +1 dagger of freezing
Armour
 k - a +2 pair of boots (worn)
 u - a +0 pair of gloves (worn)
 G - a +0 cloak (worn)
Magical Staves
 A - an uncursed staff of fire
 B - an uncursed staff of conjuration (weapon) {!a}
Jewellery
 H - a ring of resist corrosion (left hand)
Wands
 t - a wand of digging (11/24)
 E - a wand of flame (23/48)
 K - a wand of iceblast (2/15)
Scrolls
 e - 3 scrolls of identify {@r1}
 i - 4 scrolls of enchant weapon
 s - a scroll of holy word {unknown}
 w - 3 scrolls of magic mapping
 x - 3 scrolls of remove curse {@r2}
 y - 2 scrolls of recharging
 z - a scroll of enchant armour
 F - a scroll of amnesia {unknown}
Potions
 j - 6 potions of curing {@q1}
 m - 2 potions of flight
 n - 2 potions of cure mutation
 o - a potion of lignification {!q}
 p - a potion of ambrosia
 q - 2 potions of heal wounds {@q2}
 r - a potion of invisibility {unknown}
 v - a potion of magic {unknown}
 J - a potion of might {unknown}
Books
 h - a book of Conjurations

   Spells                             Type                      Level
   a - Magic Dart                     Conjuration                  1
   b - Searing Ray                    Conjuration                  2
   c - Dazzling Spray                 Conjuration/Hexes            3
   d - Fulminant Prism                Conjuration/Hexes            4
   e - Iskenderun's Mystic Blast      Conjuration                  4
   f - Iskenderun's Battlesphere      Conjuration/Charms           5
Comestibles
 b - 11 bread rations {@e1}
 c - 2 fruits {@e2}
 d - 2 slices of pizza {@e2}
 f - 5 beef jerkies {@e2}
 l - 5 meat rations {@e1}
 C - 3 royal jellies {@e3}


   Skills:
 - Level 8.0 Fighting
 - Level 7.0 Dodging
 - Level 1.7 Stealth
 - Level 8.0 Spellcasting
 + Level 10.2 Conjurations
 - Level 7.0 Charms


You had 14 spell levels left.
You knew the following spells:

 Your Spells              Type           Power        Failure   Level  Hunger
a - Magic Dart            Conj           ####         1%          1    None
b - Searing Ray           Conj           ######       1%          2    None
c - Iskenderun's Battles  Conj/Chrm      ######..     2%          5    #####..
d - Iskenderun's Mystic   Conj           ######..     1%          4    ###....


Dungeon Overview and Level Annotations

Branches:
Dungeon (11/15)            Temple (1/1) D:4            Lair (0/6) D:11
    Orc (0/2) D:10

Altars:
Ashenzari
Cheibriados
Dithmenos
Elyvilon
Fedhas
Gozag
Hepliaklqana
Kikubaaqudgha
Makhleb
Nemelex Xobeh
Okawaru
Pakellas
Qazlal
Ru
Sif Muna
Trog
Uskayaw
Vehumet
Xom
Yredelemnul
Zin
The Shining One

Shops:
D:5 *   D:8 (

Portals:
Trove: D:11 (give +6 demon blade)

Annotations:
D:5 Menkaure


Innate Abilities, Weirdness & Mutations

You can breathe blasts of scalding, opaque steam.
Your pale cyan-grey scales are hard. (AC +7)
Your body does not fit into most forms of armour.
You are cold-blooded and may be slowed by cold attacks.


Message History

The stone giant is moderately wounded.
The stone giant hits you!!
* * * LOW HITPOINT WARNING * * *
The sky beast barely misses you.
You feel much better. The stone giant hits you!!
* * * LOW HITPOINT WARNING * * *
The sky beast hits you but does no damage.
Casting: Iskenderun's Mystic Blast
Confirm with . or Enter, or press ? or * to list all spells.
Aiming: Iskenderun's Mystic Blast
Press: ? - help, Shift-Dir - straight line, f/p - stone giant
Aim: a stone giant (lightly wounded)
You feel a surge of power!
The orb of energy hits the stone giant.
The stone giant is moderately wounded.
The orb of energy explodes!
Your battlesphere fires!
The barrage of energy hits the stone giant.
The stone giant is moderately wounded.
The stone giant hits you!!!
You die...

########## #.....W.#
.....#...# #.......#
.#####.#.### #.......#
.......#...# #.......#
.#######.#.####.......#
.#...#...#<...#...✱...#
.###.#.######.#.W.....#
.........# #.........#
#####.#### ###C@.....#
##.# ###Y##### #..#
#..# #.## ##.# ##'###
####.# #....###
#>##'#### #....'.###
#.......# #....#...#
#.......# #....###.##
#.......#


You could see a stone giant, a phantom, a sky beast and a friendly battlesphere.

Vanquished Creatures
  A queen ant (D:9)
  An orc high priest (D:10)
  A hill giant (D:10)
  A wizard (D:10)
  A cyclops (D:9)
  Joseph (D:10)
  A centaur skeleton (D:10)
  A guardian mummy (D:11)
  A queen bee (D:8)
  A two-headed ogre (D:8)
  A wraith (D:10)
  A vampire (D:10)
  2 hungry ghosts
  A hippogriff (D:8)
  8 soldier ants (D:9)
  2 water moccasins (D:5)
  A wasp (D:7)
  3 ice beasts
  An orc warrior (D:8)
  2 black bears
  3 sky beasts
  7 ogres
  A phantom (D:8)
  5 centaurs
  2 necrophages
  6 giant frogs
  2 scorpions
  15 killer bees
  2 howler monkeys (D:10)
  3 crimson imps
  3 hounds
  A quasit (D:8)
  A centaur zombie (D:6)
  A jelly (D:8)
  2 orc priests (D:8)
  4 orc wizards
  4 giant frog skeletons
  3 iguanas
  23 worker ants
  3 killer bee zombies
  A hound zombie (D:8)
  3 hound skeletons
  A howler monkey zombie (D:10)
  3 worker ant zombies
  9 gnolls
  9 adders
  2 river rats (D:11)
  A shadow imp (D:3)
  4 oozes
  An adder skeleton (D:9)
  3 worms
  3 giant geckos
  25 orcs
  3 ball pythons (D:5)
  7 giant cockroaches
  5 goblins
  11 hobgoblins
  3 jackals (D:2)
  6 quokkas
  20 bats
  4 giant newts
  A jackal skeleton (D:7)
  6 kobolds
  19 rats
273 creatures vanquished.

Notes
Turn   | Place    | Note
--------------------------------------------------------------
     0 | D:1      | Kenran the Draconian Conjurer began the quest for the Orb.
     0 | D:1      | Reached XP level 1. HP: 14/14 MP: 3/3
     3 | D:1      | Noticed an electric eel
     3 | D:1      | Noticed an electric eel
   105 | D:1      | Reached XP level 2. HP: 20/20 MP: 0/5
  1057 | D:1      | Reached XP level 3. HP: 25/26 MP: 3/7
  1605 | D:2      | HP: 1/26 [gnoll/spear (8)]
  2015 | D:2      | Reached XP level 4. HP: 33/33 MP: 0/9
  2475 | D:2      | Reached XP level 5. HP: 38/38 MP: 5/11
  2621 | D:2      | Reached skill level 5 in Conjurations
  3824 | D:3      | Learned a level 2 spell: Searing Ray
  3849 | D:3      | Learned a level 5 spell: Iskenderun's Battlesphere
  4371 | D:4      | Found a staircase to the Ecumenical Temple.
  4378 | Temple   | Entered the Ecumenical Temple
  4498 | Temple   | Became a worshipper of Vehumet
  5021 | D:5      | Entered Level 5 of the Dungeon
  5042 | D:5      | Reached skill level 6 in Conjurations
  5042 | D:5      | Reached XP level 6. HP: 43/45 MP: 10/12
  5222 | D:5      | Noticed an ice beast
  5297 | D:5      | Killed an ice beast
  5297 | D:5      | Your scales start taking on a pale cyan-grey colour.
  5297 | D:5      | Reached XP level 7. HP: 50/57 MP: 3/13
  5437 | D:5      | Noticed Menkaure
  5734 | D:5      | Found a sacrificial altar of Ru.
  5749 | D:5      | Reached * piety under Vehumet
  5749 | D:5      | Offered knowledge of Flame Tongue by Vehumet.
  6090 | D:6      | Reached skill level 5 in Spellcasting
  6136 | D:6      | Reached XP level 8. HP: 58/63 MP: 13/15
  6444 | D:6      | Reached skill level 7 in Conjurations
  6548 | D:6      | Found an iron altar of Okawaru.
  7159 | D:6      | Reached skill level 8 in Conjurations
  7463 | D:5      | Found Wacked's Serpentskin Sales.
  7968 | D:7      | Found a stormy altar of Qazlal.
  8179 | D:7      | Found a deep blue altar of Sif Muna.
  8379 | D:7      | Learned a level 4 spell: Iskenderun's Mystic Blast
  8399 | D:8      | Reached XP level 9. HP: 70/70 MP: 13/18
  8464 | D:8      | Reached skill level 5 in Dodging
  8648 | D:8      | Reached ** piety under Vehumet
  8653 | D:8      | Offered knowledge of Shock by Vehumet.
  9073 | D:8      | Reached skill level 5 in Charms
  9299 | D:8      | Noticed a queen bee
  9620 | D:8      | Killed a queen bee
  9620 | D:8      | Reached skill level 9 in Conjurations
 10213 | D:8      | Offered knowledge of Throw Flame by Vehumet.
 10340 | D:8      | Reached XP level 10. HP: 61/77 MP: 13/20
 10694 | D:8      | Found Silucy's Antique Weapon Emporium.
 11197 | D:9      | Noticed a queen ant
 11518 | D:9      | Reached skill level 10 in Conjurations
 11587 | D:9      | Reached *** piety under Vehumet
 12251 | D:9      | Reached skill level 5 in Fighting
 12283 | D:9      | Noticed a cyclops
 12298 | D:9      | Killed a cyclops
 12415 | D:9      | Found a glowing silver altar of Zin.
 12415 | D:9      | Found an opulent altar of Gozag.
 12516 | D:9      | Offered knowledge of Throw Icicle by Vehumet.
 13210 | D:9      | Found a hazy altar of Hepliaklqana.
 13211 | D:9      | Found a shimmering altar of Xom.
 13211 | D:9      | Noticed a death drake
 13212 | D:9      | Noticed a death drake
 13477 | D:9      | Killed a queen ant
 13966 | D:10     | Entered Level 10 of the Dungeon
 14158 | D:10     | Noticed a hill giant
 14168 | D:10     | Killed a hill giant
 14168 | D:10     | Reached XP level 11. HP: 89/94 MP: 14/23
 14220 | D:10     | Found a burning altar of Makhleb.
 14220 | D:10     | Found a blossoming altar of Fedhas.
 14221 | D:10     | Noticed a wizard
 14227 | D:10     | Killed a wizard
 14228 | D:10     | Noticed a stone giant
 14315 | D:10     | Found a staircase to the Orcish Mines.
 14463 | D:10     | Reached **** piety under Vehumet
 14496 | D:10     | Noticed Joseph
 14504 | D:10     | Killed Joseph
 15210 | D:10     | Noticed an orc high priest
 15214 | D:10     | Killed an orc high priest
 15536 | D:10     | Offered knowledge of Force Lance by Vehumet.
 15969 | D:11     | Found a portal to a secret trove of treasure.
 15994 | D:11     | Found a staircase to the Lair.
 16217 | D:10     | Demolished by a stone giant

Vault maps used:
D:1:      arrival_aquarium_b, hangedman_abyss_or_decor_lesser_grid
D:2:      forest_paths, first_bread
D:4:      temple_fountains
D:5:      nicolae_ru_great_annihilating_truth, guppyfry_shop_venom,
          uniq_menkaure
D:6:      kennysheep_mini_moat
D:7:      kennysheep_little_box, overflow_temple_1_default
D:8:      serial_shops, shop, david_nohive_1
D:9:      regret_index_temple_of_mockery, grunt_temple_overflow_gold_and_silver,
          minivault_16, minmay_another_anthill
D:10:     orc_0_dummy, jmf_multi_god_temple, uniq_joseph
D:11:     grunt_lair_entry_orc_guard_hut, nicolae_trove_entry_path_of_doom,
          uniq_fannar
Temple:   hc_temple_tempest_star

Skill      XL: |  1  2  3  4  5  6  7  8  9 10 11 |
---------------+----------------------------------+-----
Spellcasting   | 3 4 5 6 7 8 |  8.0
Conjurations   | 6 8 9 10 | 10.2
Fighting       | 3 8 |  8.0
Dodging        | 2 3 4 5 7 |  7.0
Charms         | 3 6 7 |  7.0
Stealth        | |  1.7

Action                   |  1- 3 |  4- 6 |  7- 9 | 10-12 || total
-------------------------+-------+-------+-------+-------++-------
Melee: Whip              |    20 |       |       |       ||    20
       Tailslap          |     5 |     4 |    23 |    18 ||    50
       Short sword       |     7 |    84 |   237 |    95 ||   423
Throw: Stone             |       |     1 |       |       ||     1
 Cast: Magic Dart        |    80 |    85 |   154 |   232 ||   551
       Searing Ray       |       |     6 |    27 |    51 ||    84
       Iskenderun's Myst |       |       |     5 |     5 ||    10
       Iskenderun's Batt |       |       |       |     6 ||     6
 Abil: Breathe Steam     |       |       |     1 |       ||     1
  Use: Scroll            |       |    14 |     4 |     2 ||    20
       Potion            |       |       |     1 |     2 ||     3
 Stab: Sleeping          |     1 |     3 |     2 |     2 ||     8
  Eat: Chunk             |     3 |    10 |    11 |    11 ||    35
       Fruit             |       |       |     6 |       ||     6
       Royal jelly       |       |       |     1 |     4 ||     5
Armor: Skin              |    19 |    27 |   137 |   101 ||   284
Dodge: Dodged            |    32 |    65 |   286 |   198 ||   581
